AoeStats
← muelaluis19

Arabian Desert

509999208Analyzed
1v1 RM · 3d ago on Sep 29, 2026· 65m 57s· 2 players
Game mode
Random Map
Map size
Tiny (2 player)
Population
200
Speed
Normal
Resources
Standard
Victory
Conquest
Starting age
Dark Age
Ending age
Imperial Age
RankedLock teamsTeams togetherTeam positionsShared explorationLock speedFull tech treeHidden civsTurbo modeCheats
Victory
Defeat
🇺🇸 Japanese · United States
760
+17
🇲🇽 Georgians · Mexico
781
-32
Rossayyyy
3:00 Loom
10:52 Feudal Age
14:57 Double-Bit Axe
15:17 Horse Collar
24:23 Castle Age
22:26 Fletching
22:37 Scale Mail Armor
26:55 Wheelbarrow
26:07 Town Watch
25:46 Man-at-Arms
26:12 Gambesons
26:28 Squires
26:14 Arson
25:50 Pikeman
26:28 Arson
26:43 Squires
26:04 Pikeman
27:25 Thumb Ring
28:33 Crossbowman
30:32 Forging
34:19 Iron Casting
35:02 Yasama
35:54 Gold Mining
35:54 Stone Mining
36:37 Ballistics
36:14 Murder Holes
36:43 Masonry
39:05 Fervor
39:32 Fortified Wall
39:04 Treadmill Crane
39:45 Chain Mail Armor
39:26 Bodkin Arrow
39:33 Padded Archer Armor
40:34 Redemption
40:46 Sanctity
41:09 Bow Saw
41:03 Heavy Plow
40:54 Long Swordsman
42:26 Gold Shaft Mining
41:55 Guard Tower
45:58 Imperial Age
43:53 Hand Cart
43:56 Town Patrol
46:43 Bracer
47:44 Blast Furnace
47:15 Plate Mail Armor
47:02 Leather Archer Armor
46:54 Scale Barding Armor
46:29 Onager
46:31 Capped Ram
47:54 Kataparuto
47:55 Conscription
48:11 Hoardings
47:22 Elite Skirmisher
47:37 Two-Handed Swordsman
48:45 Elite Samurai
52:56 Halberdier
52:57 Champion
56:00 Chain Barding Armor
56:11 Ring Archer Armor
56:48 Chemistry
58:12 Spies/Treason
muelaluis19
10:10 Feudal Age
11:05 Double-Bit Axe
15:47 Scale Barding Armor
17:20 Horse Collar
18:47 Gold Mining
25:23 Castle Age
24:48 Forging
24:45 Scale Mail Armor
26:30 Husbandry
34:22 Bow Saw
35:03 Iron Casting
34:51 Chain Barding Armor
34:52 Chain Mail Armor
38:43 Stone Mining
38:57 Heavy Plow
39:44 Iron Casting
39:26 Chain Mail Armor
39:32 Chain Barding Armor
40:22 Fervor
43:31 Imperial Age
44:07 Cavalier
46:51 Crop Rotation
47:14 Ballistics
49:37 Conscription
49:14 Capped Ram
51:19 Siege Ram
Connection lost

Rejoining the realm…

Still unreachable

The connection could not be restored.

Session expired

The server has moved on; the page needs a fresh start.